 Dungeon Crawl Stone Soup version 0.26-a0-1139-g7d2dc893a1 (webtiles) character file.

Game seed: 17972116247750636862

21429 Dracia the Grappler (level 12, -17/118 HPs)
             Began as a Troll Monk on Dec 21, 2020.
             Was a Believer of Jiyva.
             Demolished by a boulder beetle (46 damage)
             ... on level 6 of the Lair of Beasts.
             The game lasted 00:20:44 (12298 turns).

Dracia the Grappler (Troll Monk)                   Turns: 12298, Time: 00:20:44

Health: -17/118    AC: 13    Str: 21    XL:     12   Next: 54%
Magic:  0/11       EV: 14    Int:  6    God:    Jiyva [**....]
Gold:   800        SH: 13    Dex: 17    Spells: 11/11 levels left

rFire    . . .     SeeInvis .     - Unarmed
rCold    . . .     Faith    .   f - +2 kite shield
rNeg     . . .     Spirit   +   j - +0 robe (curse)
rPois    .         Reflect  .   (helmet restricted)
rElec    .         Harm     .   o - +2 cloak
rCorr    .         Rampage  .   (gloves unavailable)
Will     +....                  (boots unavailable)
Stlth    ++........             G - amulet of guardian spirit
HPRegen  0.69/turn              A - ring of willpower
MPRegen  0.12/turn              O - +4 ring of protection

@: very slightly contaminated, hasted, invisible, quick
A: large, unfitting armour, claws 3, regeneration 1, shaggy fur 1, tough skin 3
a: Renounce Religion, Request Jelly


You were on level 6 of the Lair of Beasts.
You worshipped Jiyva.
Jiyva was pleased with you.
You visited 3 branches of the dungeon, and saw 17 of its levels.
You also visited: Ossuary.

You collected 800 gold pieces.


Innate Abilities, Weirdness & Mutations

You are too large for most types of armour.
You have claws for hands.
Your natural rate of healing is unusually fast.
You are covered in fur. (AC +1)
You have extremely tough skin. (AC +3)


   Skills:
 - Level 7.0 Fighting
 - Level 7.0 Dodging
 - Level 1.0 Stealth
 - Level 9.0 Shields
 - Level 11.4 Unarmed Combat
 + Level 7.3 Evocations


You had 11 spell levels left.
You didn't know any spells.
Your spell library contained the following spells:

 Spells                   Type           Power        Failure   Level
 Animate Skeleton         Necr           0%           45%         1
 Magic Dart               Conj           0%           45%         1
 Pain                     Necr           0%           45%         1
 Sandblast                Erth           0%           45%         1
 Summon Small Mammal      Summ           0%           45%         1
 Blink                    Tloc           N/A          58%         2
 Call Imp                 Summ           0%           58%         2
 Passwall                 Tmut/Erth      0%           58%         2
 Slow                     Hex            0%           58%         2
 Call Canine Familiar     Summ           0%           83%         3
 Conjure Flame            Conj/Fire      0%           83%         3
 Mephitic Cloud           Conj/Pois/Air  0%           83%         3
 Stone Arrow              Conj/Erth      0%           83%         3
 Summon Guardian Golem    Hex/Summ       0%           83%         3
 Vampiric Draining        Necr           0%           83%         3
 Animate Dead             Necr           0%           99%         4
 Petrify                  Tmut/Erth      0%           99%         4
 Summon Ice Beast         Ice/Summ       0%           99%         4
 Summon Lightning Spire   Summ/Air       0%           99%         4
 Agony                    Necr           0%           100%        5
 Lee's Rapid Deconstruct  Erth           0%           100%        5

Inventory:

Missiles
 b - 4 large rocks (quivered) {=f=f}
 h - 6 curare-tipped darts {=f=f}
 w - 68 poisoned darts
Armour
 a - a +0 robe
 f - a +2 kite shield (worn)
 j - a cursed +0 robe (worn)
 o - a +2 cloak (worn)
Magical Staves
 s - an uncursed staff of cold {!a!a}
Jewellery
 t - a cursed ring of teleportation
 v - an uncursed ring of see invisible
 A - a ring of willpower (left claw)
 F - an uncursed ring of fire
 G - an amulet of guardian spirit (around neck)
 I - a +6 ring of intelligence
 J - an uncursed ring of poison resistance {unknown}
 O - a +4 ring of protection (right claw)
Wands
 i - a wand of disintegration (13)
 p - a wand of acid (5)
 q - a wand of random effects (21)
 B - a wand of iceblast (10)
Scrolls
 c - 4 scrolls of identify {@r1@r1}
 d - 10 scrolls of teleportation {@r4@r4}
 e - a scroll of brand weapon
 k - 2 scrolls of fear
 r - 5 scrolls of remove curse {@r2@r2}
 u - 2 scrolls of enchant armour
 x - 2 scrolls of fog
 y - 4 scrolls of amnesia
 z - a scroll of vulnerability
 E - a scroll of enchant weapon
 H - a scroll of holy word {unknown}
Potions
 g - a potion of ambrosia
 l - 4 potions of brilliance
 m - 6 potions of curing {@q1@q1}
Miscellaneous
 D - a lightning rod (4/4)

Dungeon Overview and Level Annotations

Branches:
Dungeon (11/15)            Temple (1/1) D:7            Lair (6/6) D:10
  Swamp (0/4) Lair:4        Slime (0/5) Lair:6      Ossuary (visited)
  Snake: Lair:2-4    Spider: Lair:2-4       Orc: D:9-12

Altars:
Ashenzari
Cheibriados
Dithmenos
Elyvilon
Fedhas
Gozag
Hepliaklqana
Kikubaaqudgha
Makhleb
Nemelex Xobeh
Okawaru
Qazlal
Ru
Sif Muna
Trog
Uskayaw
Vehumet
Wu Jian
Xom
Yredelemnul
Zin
The Shining One
Jiyva

Shops:
D:9

: ##..###.#.###≈≈..≈≈≈≈≈≈≈≈,,
#P...###......≈≈≈≈≈≈≈≈≈≈≈≈≈
##...# #≈≈.≈≈≈≈≈≈≈≈≈≈≈*≈≈≈≈
#..#####...≈≈≈≈≈≈≈≈≈≈≈**#≈≈
#...###...≈≈≈≈≈≈≈≈≈≈≈*##≈≈≈
##.###....P≈≈≈≈.≈≈≈####≈≈P≈
#.###.P.≈≈≈≈≈≈≈≈≈≈≈≈≈#≈≈≈≈
##..##.≈≈≈≈P≈≈≈≈≈≈≈≈≈≈≈≈≈≈≈
#.......°≈@l≈≈≈≈≈≈≈≈..≈≈###
#........°BF≈≈≈≈≈≈≈.≈≈≈≈≈≈#
##.........P≈≈≈≈≈≈≈.≈≈≈))!≈≈
###.........≈≈≈≈≈≈≈≈≈≈≈≈([[)≈≈
##.......#....≈≈≈≈≈≈≈≈.≈≈??)≈≈.
##..#####....#≈≈≈≈≈≈#≈≈##≈≈≈≈≈.≈
#P.## ##...#≈≈≈##≈#######≈≈.≈≈
#..#######...#≈#≈####,,≈≈≈≈≈≈≈≈≈
#..##.._.÷...#####,,≈≈≈≈≈≈≈#≈≈≈≈


You could see a boulder beetle, a blink frog and a wyvern.


Message History

The wyvern misses you. You block the wyvern's attack.
The wyvern barely misses you. You block the blink frog's attack.
The blink frog misses you. The wyvern bites you!
The boulder beetle curls into a ball and begins rolling!
You block the blink frog's attack. You block the wyvern's attack.
The blink frog blinks!
The wyvern barely misses you.
The blink frog hits you but does no damage.
The blink frog barely misses you. You block the wyvern's attack.
You block the blink frog's attack.
You closely miss the blink frog.
The blink frog is heavily wounded.
You block the wyvern's attack. The boulder beetle hits you!!!
* * * LOW HITPOINT WARNING * * *
The boulder beetle stops rolling and uncurls.
The blink frog misses you. The wyvern bites you!
* * * LOW HITPOINT WARNING * * *
You feel yourself speed up.
The boulder beetle leaps!
The wyvern bites you but does no damage.
You block the blink frog's attack.
You fade into invisibility!
The blink frog barely misses you. The wyvern misses you.
The boulder beetle curls into a ball and begins rolling!
You are very lightly contaminated with residual magic.
Unknown command.
The blink frog hits you but does no damage.
You block the wyvern's attack. The blink frog closely misses you.
The boulder beetle hits you!!!
You die...

Skill      XL: |  1  2  3  4  5  6  7  8  9 10 11 12 |
---------------+-------------------------------------+-----
Unarmed Combat | 4 5 6 8 9 11 | 11.4
Dodging        | 3 4 5 6 7 |  7.0
Fighting       | 3 4 5 6 7 |  7.0
Shields        | 1 2 3 5 6 9 |  9.0
Evocations     | 3 7 |  7.3
Stealth        | |  1.0

Action                   |  1- 3 |  4- 6 |  7- 9 | 10-12 || total
-------------------------+-------+-------+-------+-------++-------
Melee: Unarmed           |    86 |   142 |   411 |   664 ||  1303
Throw: Large rock        |       |       |       |     4 ||     4
Evoke: Wand              |       |       |       |     2 ||     2
  Use: Scroll            |       |     6 |    11 |     7 ||    24
       Potion            |       |     3 |     1 |     8 ||    12
 Stab: Sleeping          |     4 |     4 |     4 |     3 ||    15
       Invisible         |       |       |       |     5 ||     5
Armor: Robe              |    33 |    38 |   131 |   129 ||   331
Dodge: Dodged            |    34 |    43 |   179 |   253 ||   509
Block: Kite shield       |       |    29 |   215 |   353 ||   597

Levels and vault maps discovered:
D:1:      eino_arrival_tree_alley, layout_basic
D:2:      layout_basic, old_standard_altar
D:3:      layout_loops_cross, gammafunk_temple_overflow_claw, minivault_24,
          grunt_decor_fettered
D:4:      layout_basic
D:5:      layout_loops_cross, uniq_crazy_yiuf_cottage, uniq_sigmund
D:6:      layout_basic, lemuel_blue_sif_altar
D:7:      layout_loops_corners, kennysheep_mini,
          minmay_temple_entry_stoned_glass, nicolae_ossuary_entry_plus,
          chequers_serial_rivers_room_a
D:8:      layout_basic, nicolae_gozag_seed_capital, moated_statue, uniq_grum
D:9:      layout_basic, fedhas_ov_isle_minmay, overflow_temple_1_default,
          serial_shops, shop_statue, minivault_28
D:10:     layout_cross, grunt_lair_entry_orc_guard_hut, minmay_misc_feat_alley,
          kennysheep_cluttered_room, st_stairs_9
D:11:     layout_roguey, david_orc_4, hangedman_pestilent_swarm, uniq_sonja
Temple:   nicolae_temple_god_jail
Lair:1:   layout_cellular_growth, beast_lair_carwin_2
Lair:2:   minmay_guarded_unrand_snakebite, layout_cave_pods,
          portal_ice_cave_entry_pillars_2, lemuel_centaur_altar
Lair:4:   layout_long_grid, swamp_mist_pool
Lair:5:   layout_hall_layers
Lair:6:   minmay_lair_end_frog_pond, layout_loops_ring,
          dpeg_slime_entry_enclosed_altar, serial_bayou_lagoon_a

Notes
Turn   | Place    | Note
-------+----------+-------------------------------------------
     0 | D:1      | Dracia the Troll Monk began the quest for the Orb.
     0 | D:1      | Reached XP level 1. HP: 22/22 MP: 0/0
   155 | D:1      | Reached XP level 2. HP: 29/29 MP: 1/1
   455 | D:1      | Reached XP level 3. HP: 36/36 MP: 2/2
  1331 | D:2      | Found a sacrificial altar of Ru.
  1865 | D:3      | Reached skill level 4 in Unarmed Combat
  1865 | D:3      | Reached XP level 4. HP: 44/44 MP: 3/3
  2031 | D:3      | Reached skill level 3 in Dodging
  2398 | D:3      | Found a burning altar of Makhleb.
  2398 | D:3      | Found a glowing silver altar of Zin.
  2398 | D:3      | Found a shimmering altar of Xom.
  2583 | D:4      | Reached skill level 3 in Fighting
  2595 | D:4      | Reached skill level 1 in Shields
  2595 | D:4      | Reached XP level 5. HP: 15/53 MP: 4/4
  2905 | D:4      | Reached skill level 5 in Unarmed Combat
  2905 | D:4      | Reached XP level 6. HP: 49/61 MP: 5/5
  3389 | D:5      | Entered Level 5 of the Dungeon
  3464 | D:5      | Reached skill level 2 in Shields
  3469 | D:5      | Reached XP level 7. HP: 16/68 MP: 6/6
  3771 | D:5      | Reached skill level 6 in Unarmed Combat
  3774 | D:5      | Reached skill level 4 in Fighting
  3774 | D:5      | Reached skill level 4 in Dodging
  4063 | D:5      | Noticed Sigmund
  4076 | D:5      | Killed Sigmund
  4077 | D:5      | Reached skill level 3 in Shields
  4077 | D:5      | Reached XP level 8. HP: 70/79 MP: 7/7
  4271 | D:5      | Found a runed translucent door.
  4272 | D:5      | Noticed Crazy Yiuf
  4312 | D:5      | Killed Crazy Yiuf
  4545 | D:6      | Reached skill level 7 in Unarmed Combat
  5295 | D:6      | Reached skill level 5 in Fighting
  5295 | D:6      | Reached skill level 5 in Dodging
  5295 | D:6      | Reached skill level 8 in Unarmed Combat
  5472 | D:6      | Reached XP level 9. HP: 88/88 MP: 8/8
  5741 | D:6      | Found a shimmering blue altar of Sif Muna.
  5814 | D:7      | Reached skill level 4 in Shields
  6109 | D:7      | Found a staircase to the Ecumenical Temple.
  6159 | D:7      | Found a sand-covered staircase.
  6164 | Ossuary  | Entered an ossuary
  6249 | Ossuary  | Reached skill level 9 in Unarmed Combat
  6880 | D:7      | Found an iron altar of Okawaru.
  7186 | Temple   | Entered the Ecumenical Temple
  7565 | D:8      | Noticed Grum
  7577 | D:8      | Killed Grum
  7585 | D:8      | Reached skill level 5 in Shields
  7591 | D:8      | Reached skill level 6 in Fighting
  7591 | D:8      | Reached XP level 10. HP: 68/98 MP: 9/9
  7677 | D:8      | Noticed a two-headed ogre
  7684 | D:8      | Killed a two-headed ogre
  7685 | D:8      | Reached skill level 6 in Dodging
  7685 | D:8      | Reached skill level 10 in Unarmed Combat
  7743 | D:8      | Found an opulent altar of Gozag.
  8403 | D:9      | Found an ancient bone altar of Kikubaaqudgha.
  8414 | D:9      | Found Affudiv's Book Shop.
  8620 | D:9      | Noticed an unseen horror
  8620 | D:9      | Noticed a cyan ugly thing
  8620 | D:9      | Noticed a red ugly thing
  8621 | D:9      | Noticed a centaur warrior
  8628 | D:9      | Killed an unseen horror
  8641 | D:9      | Killed a centaur warrior
  8658 | D:9      | Killed a purple ugly thing
  8685 | D:9      | Killed a brown ugly thing
  8686 | D:9      | Reached skill level 11 in Unarmed Combat
  9067 | D:9      | Found a blossoming altar of Fedhas.
  9164 | D:10     | Entered Level 10 of the Dungeon
  9228 | D:10     | Reached skill level 6 in Shields
  9321 | D:10     | Reached XP level 11. HP: 102/107 MP: 10/10
  9338 | D:10     | Reached skill level 7 in Fighting
  9365 | D:10     | Reached skill level 7 in Dodging
  9677 | D:10     | Found a staircase to the Lair.
  9947 | Lair:1   | Entered Level 1 of the Lair of Beasts
  9995 | Lair:1   | Reached skill level 1 in Evocations
 10183 | D:10     | Reached skill level 7 in Shields
 10232 | Lair:1   | Reached skill level 2 in Evocations
 10538 | Lair:1   | Noticed a six-headed hydra
 10637 | Lair:2   | You fall into a shaft and drop 2 floors!
 10637 | Lair:4   | Found a staircase to the Swamp.
 10841 | Lair:5   | Reached skill level 8 in Shields
 10852 | Lair:5   | Reached skill level 3 in Evocations
 11386 | Lair:6   | Entered Level 6 of the Lair of Beasts
 11428 | Lair:6   | Noticed a boulder beetle
 11493 | Lair:6   | HP: 7/109 [tyrant leech (26)]
 11499 | Lair:6   | HP: 4/109 [tyrant leech (5)]
 11659 | Lair:6   | Reached skill level 9 in Shields
 11659 | Lair:6   | Reached XP level 12. HP: 118/118 MP: 11/11
 11685 | Lair:6   | Reached skill level 4 in Evocations
 11821 | Lair:6   | Reached skill level 5 in Evocations
 11937 | Lair:6   | Found a viscous altar of Jiyva.
 11938 | Lair:6   | Found a staircase to the Slime Pits.
 11941 | Lair:6   | Became a worshipper of Jiyva Jyimec the Shapeless
 11941 | Lair:6   | Reached * piety under Jiyva
 11941 | Lair:6   | Reached ** piety under Jiyva
 11980 | Lair:6   | Reached skill level 6 in Evocations
 12158 | Lair:6   | Reached skill level 7 in Evocations
 12262 | Lair:6   | Found the +6 shillelagh "Devastator" {shatter}
 12298 | Lair:6   | Demolished by a boulder beetle

Vanquished Creatures
  A centaur warrior (D:9)
  A two-headed ogre (D:8)
  2 ugly things (D:9)
  A black mamba (Lair:6)
  14 cane toads
  2 komodo dragons
  2 rime drakes
  A polar bear (Lair:6)
  3 tyrant leeches (Lair:6)
  2 hornets
  10 blink frogs
  A wyvern (D:9)
  Sigmund (D:5)
  3 wraiths (D:10)
  22 yaks
  3 vampire mosquitoes (Lair:6)
  Grum (D:8)
  5 water moccasins
  An ice beast (D:6)
  An eye of draining (D:9)
  An orc warrior (D:10)
  4 ogres
  A sky beast (D:7)
  3 black bears
  2 phantoms
  3 necrophages
  8 wolves
  5 centaurs
  A big kobold (D:10)
  16 bullfrogs
  A water moccasin zombie (D:6)
  A wyvern zombie (D:10)
  13 scorpions
  8 centaur zombies
  5 howler monkeys
  2 bullfrog zombies
  2 bullfrog skeletons
  A quasit (D:8)
  Crazy Yiuf (D:5)
  7 orc priests
  4 hounds
  3 human zombies (Ossuary)
  2 jellies
  5 orc wizards
  3 centaur skeletons
  7 worker ants
  A big kobold zombie (Ossuary)
  2 hound zombies (D:9)
  2 hound skeletons
  3 mummies (Ossuary)
  2 howler monkey zombies
  A worker ant zombie (D:7)
  5 scorpion zombies (Ossuary)
  13 adders
  A howler monkey skeleton (D:10)
  A shadow imp (D:5)
  3 white imps
  3 ufetubi
  2 oozes
  2 adder skeletons
  4 worms
  9 leopard geckos
  21 orcs
  A ball python (D:3)
  2 giant cockroaches
  7 goblins
  7 hobgoblins
  5 jackals (D:5)
  9 kobolds
  4 quokkas
  6 bats
  6 frilled lizards
  A goblin zombie (Ossuary)
  3 hobgoblin zombies (Ossuary)
  A kobold zombie (Ossuary)
  2 orc zombies (Ossuary)
  A quokka zombie (D:6)
  4 rats
320 creatures vanquished.

Vanquished Creatures (others)
  An unseen horror (D:9)
  A blink frog (Lair:6)
  An ogre (D:9)
  A phantom (D:9)
  A bullfrog (Lair:6)
  5 jellies (Lair:6)
  45 fungi
  167 plants
222 creatures vanquished.

Grand Total: 542 creatures vanquished

Table legend: (Time is in decaauts)
 A = Elapsed time spent in this place.
 B = Non-inter-level travel time spent in this place.
 C = Inter-level travel time spent in this place.
 D = Time resting spent in this place.
 E = Time spent auto-exploring this place.
 F = Levels seen in this place.
 G = Mean time per level.
                   A        B        C        D        E       F      G
               +--------+--------+--------+--------+--------+-----+--------+
         Total |  12140 |  11652 |    488 |   1703 |   7260 |  18 |  674.4 |
       Dungeon |   9464 |   8994 |    470 |    930 |   6409 |  11 |  860.4 |
        Temple |     71 |     58 |     13 |      0 |     57 |   1 |   71.0 |
          Lair |   2237 |   2232 |      5 |    772 |    639 |   5 |  447.4 |
       Ossuary |    366 |    366 |      0 |      0 |    155 |   1 |  366.0 |
               +--------+--------+--------+--------+--------+-----+--------+

Top non-repeatable levels by time:
     D:5: 1209 daAuts
     D:6: 1182 daAuts
     D:7: 1038 daAuts
     D:1: 975 daAuts
     D:9: 972 daAuts
     D:8: 879 daAuts
  Lair:6: 856 daAuts
     D:2: 835 daAuts
     D:4: 826 daAuts
    D:10: 768 daAuts
     D:3: 750 daAuts
  Lair:1: 637 daAuts
  Lair:5: 554 daAuts
 Ossuary: 366 daAuts
  Lair:4: 179 daAuts

Table legend:
 A = Non-vault XP
 B = Vault XP
 C = Vault XP percentage of total XP
 D = Non-vault monster count
 E = Vault monster count
 F = Vault count percentage of total count
                 A         B        C        D         E       F
            +---------+---------+-------+---------+---------+-------
      Total |   19309 |   11305 |  36.9 |     237 |      85 |  26.4
            +---------+---------+-------+---------+---------+-------
        D:1 |      46 |       0 |   0.0 |      23 |       0 |   0.0
        D:2 |      25 |       0 |   0.0 |      12 |       0 |   0.0
        D:3 |      61 |       0 |   0.0 |      11 |       0 |   0.0
        D:4 |     447 |       0 |   0.0 |      18 |       0 |   0.0
        D:5 |     911 |     253 |  21.7 |      28 |       2 |   6.7
        D:6 |    1200 |       0 |   0.0 |      26 |       0 |   0.0
        D:7 |     925 |       0 |   0.0 |      20 |       0 |   0.0
        D:8 |    1102 |     530 |  32.5 |      15 |       4 |  21.1
        D:9 |    1278 |    2020 |  61.2 |      14 |       9 |  39.1
       D:10 |    2909 |     541 |  15.7 |      28 |       7 |  20.0
     Lair:1 |    2792 |       0 |   0.0 |      12 |       0 |   0.0
     Lair:4 |    1539 |       0 |   0.0 |       5 |       0 |   0.0
     Lair:5 |    2338 |       0 |   0.0 |      11 |       0 |   0.0
     Lair:6 |    3736 |    6841 |  64.7 |      14 |      30 |  68.2
    Ossuary |       0 |    1120 | 100.0 |       0 |      33 | 100.0
            +---------+---------+-------+---------+---------+-------
